St.Louis Blues vs Tampa Bay Lightning
Created - Saturday, April 8, 2023 at 07:27
Goals
|
| St.Louis Blues |
0 |
3 |
1 |
4 |
| Tampa Bay Lightning |
1 |
1 |
0 |
2 |
|
Shots
|
| St.Louis Blues |
11 |
13 |
11 |
35 |
| Tampa Bay Lightning |
9 |
15 |
8 |
32 |
|
1st period
1. Tampa Bay Lightning , Kirill Kaprizov 12 (Gabriel Landeskog 8, Vladislav Gavrikov 5) at 4:38
Penalties :
Evander Kane (STL) for Hooking (Minor) at 13:45
2nd period
2. St.Louis Blues , Frederick Gaudreau 1 (Ondrej Kase 2, Jimmy Vesey 1) at 1:42
3. Tampa Bay Lightning , Gabriel Landeskog 12 (Roope Hintz 9, Ryan Graves 6) at 9:11 (PP)
4. St.Louis Blues , Ondrej Kase 5 (Frederick Gaudreau 4) at 10:55
5. St.Louis Blues , Jack Eichel 6 (Joe Pavelski 12) at 14:25
Penalties :
Alex Pietrangelo (STL) for High sticking (Minor) at 8:29
3rd period
6. St.Louis Blues , Alex Tuch 8 (Elias Pettersson 18, Jake Guentzel 10) at 9:37
Penalties :
Hampus Lindholm (TBL) for Interference (Minor) at 7:10, Moritz Seider (TBL) for Holding (Minor) at 16:09
Goalie Stats
Frederik Andersen (STL), 30 saves from 32 shots - (0.938), W, 11-4-1, 60:00 minutes
Jeremy Swayman (TBL), 31 saves from 35 shots - (0.886), L, 5-4-0, 60:00 minutes
Players Stats for St.Louis Blues
Player Name G A P +/- PIM S H SB GA TA FO MP PP MP PK MP
------------------------------------------------------------------------------------
Alex DeBrincat 0 0 0 -1 0 3 2 1 1 0 0/0 16:49 0:55 0:00
Alex Pietrangelo 0 0 0 1 2 0 0 2 0 0 0/0 24:15 0:38 0:00
Alex Tuch 1 0 1 1 0 4 2 0 0 0 0/0 20:35 2:59 0:00
Colton Parayko 0 0 0 1 0 2 0 0 0 0 0/0 24:53 0:00 1:10
Danny DeKeyser 0 0 0 1 0 0 0 0 0 0 0/0 13:42 0:00 1:10
Elias Pettersson 0 1 1 1 0 4 0 0 0 0 9/27 20:56 2:59 0:00
Evander Kane 0 0 0 1 2 1 2 1 1 0 0/0 12:15 0:55 0:00
Frederick Gaudreau 1 1 2 2 0 2 0 0 0 0 2/6 10:27 0:04 1:48
Jack Eichel 1 0 1 1 0 2 1 0 2 0 1/3 11:25 0:04 0:00
Jake Guentzel 0 1 1 1 0 2 0 0 0 0 1/1 20:56 3:20 0:00
Jimmy Vesey 0 1 1 2 0 0 0 0 0 1 0/1 10:38 0:04 1:48
Joe Pavelski 0 1 1 2 0 1 2 1 0 0 0/3 14:28 2:59 0:00
Jonas Brodin 0 0 0 0 0 4 0 3 0 0 0/0 18:14 0:00 1:31
Morgan Rielly 0 0 0 1 0 2 2 0 0 1 0/0 20:14 3:20 0:00
Niko Mikkola 0 0 0 1 0 2 1 1 0 0 0/0 13:58 0:00 1:31
Ondrej Kase 1 1 2 2 0 1 2 0 0 0 0/0 8:46 0:00 0:53
Robert Thomas 0 0 0 -1 0 3 1 2 0 1 7/15 17:57 0:55 0:53
Tage Thompson 0 0 0 -1 0 2 0 1 0 0 0/1 16:49 0:38 0:00
Players Stats for Tampa Bay Lightning
Player Name G A P +/- PIM S H SB GA TA FO MP PP MP PK MP
------------------------------------------------------------------------------------
Alexander Kerfoot 0 0 0 0 0 1 0 0 0 0 0/0 7:00 0:00 0:00
Alexander Romanov 0 0 0 -2 0 1 1 0 0 1 0/0 15:55 0:00 2:00
Anze Kopitar 0 0 0 -1 0 2 1 1 1 0 13/21 20:25 1:16 2:21
Christian Dvorak 0 0 0 -1 0 0 1 0 1 0 0/0 14:38 0:00 1:04
Connor Brown 0 0 0 -1 0 3 0 1 0 0 0/1 16:27 0:00 1:04
Darnell Nurse 0 0 0 1 0 2 2 1 1 0 0/0 24:39 1:25 1:58
Dylan Cozens 0 0 0 -1 0 2 0 1 0 0 0/0 13:54 0:00 0:00
Gabriel Landeskog 1 1 2 -1 0 4 2 0 0 0 0/1 18:07 1:16 0:00
Hampus Lindholm 0 0 0 -2 2 0 1 2 0 1 0/0 15:18 1:16 0:00
Ivan Barbashev 0 0 0 0 0 0 0 0 0 0 0/0 7:27 0:00 0:00
Johnny Gaudreau 0 0 0 -1 0 6 0 0 0 1 0/1 16:56 1:25 0:00
Kirill Kaprizov 1 0 1 -1 0 1 0 0 0 0 1/1 19:07 1:25 0:33
Lars Eller 0 0 0 0 0 1 0 0 0 0 2/2 7:41 0:00 0:33
Moritz Seider 0 0 0 -2 2 0 3 1 0 0 0/0 20:39 1:25 0:00
Roope Hintz 0 1 1 -1 0 6 0 0 0 0 7/12 14:40 1:16 0:00
Ryan Graves 0 1 1 -2 0 2 1 2 0 1 0/0 21:49 1:16 1:58
Tomas Hertl 0 0 0 -1 0 0 3 2 0 0 14/18 19:15 1:25 2:21
Vladislav Gavrikov 0 1 1 1 0 1 3 2 0 0 0/0 22:03 0:00 2:00
3 Stars
1 - Ondrej Kase (STL)
2 - Frederick Gaudreau (STL)
3 - Alex Tuch (STL)
Power Play
St.Louis Blues - 0 on 2 Attempt(s) - 0.00%
Tampa Bay Lightning - 1 on 2 Attempt(s) - 50.00%
Penalty Kill
St.Louis Blues - 1 on 2 Attempt(s) - 50.00%
- Score 0 goal in Penalty Kill
Tampa Bay Lightning - 2 on 2 Attempt(s) - 100.00%
- Score 0 goal in Penalty Kill
Team Stat
St.Louis Blues - Hits : 15 - Faceoff Wins : 20 - Blocked Shots : 12 - Penalty Minutes : 4
Tampa Bay Lightning - Hits : 18 - Faceoff Wins : 37 - Blocked Shots : 13 - Penalty Minutes : 4
Official
Referees : Chris Rooney and Dan O'Rourke
Linesman : Vaughan Rody and Bryan Pancich
Game Notes
No Game Note
Finance
Level 1 -- Attendance: 6000 (100.00%) -- Ticket Income $570,000
Level 2 -- Attendance: 4717 (94.34%) -- Ticket Income $259,435
Level 3 -- Attendance: 2714 (90.47%) -- Ticket Income $92,276
Level 4 -- Attendance: 4854 (97.08%) -- Ticket Income $101,934
Luxury Box -- Attendance: 1000 (100.00%) -- Ticket Income $195,000
Game was played at the Tampa Bay Times Forum.
Total Attendance: 19285 (96.43%)
Total Ticket Income: $1,218,645
Other Income: $426,526
Total Income: $1,645,171
St.Louis Blues
5 vs 5 Forward
Center Left Wing Right Wing Time % Phy DF OF
1 Elias Pettersson Jake Guentzel Alex Tuch 40 0 2 3
2 Robert Thomas Alex DeBrincat Tage Thompson 30 1 2 2
3 Jack Eichel Evander Kane Joe Pavelski 20 0 2 3
4 Frederick Gaudreau Jimmy Vesey Ondrej Kase 10 1 3 1
5 vs 5 Defense
Defense Defense Time % Phy DF OF
1 Alex Pietrangelo Colton Parayko 40 1 2 2
2 Morgan Rielly Jonas Brodin 30 1 2 2
3 Danny DeKeyser Niko Mikkola 20 1 2 2
4 Alex Pietrangelo Colton Parayko 10 1 2 2
PowerPlay Forward
Center Left Wing Right Wing Time % Phy DF OF
1 Joe Pavelski Alex Tuch Elias Pettersson 60 1 0 4
2 Robert Thomas Alex DeBrincat Evander Kane 40 1 0 4
PowerPlay Defense
Defense Defense Time % Phy DF OF
1 Morgan Rielly Jake Guentzel 60 0 1 4
2 Tage Thompson Alex Pietrangelo 40 0 1 4
Penalty Kill 4 Players Forward
Center Wing Time % Phy DF OF
1 Frederick Gaudreau Jimmy Vesey 60 1 4 0
2 Robert Thomas Ondrej Kase 40 1 4 0
Penalty Kill 4 Players Defense
Defense Defense Time % Phy DF OF
1 Colton Parayko Danny DeKeyser 60 2 3 0
2 Jonas Brodin Niko Mikkola 40 2 3 0
Penalty Kill - 3 Players Forward
Forward Time % Phy DF OF
1 Frederick Gaudreau 60 0 5 0
2 Robert Thomas 40 0 5 0
Penalty Kill - 3 Players Defense
Defense Defense Time % Phy DF OF
1 Colton Parayko Danny DeKeyser 60 1 4 0
2 Jonas Brodin Niko Mikkola 40 1 4 0
4 vs 4 Forward
Center Wing Time % Phy DF OF
1 Elias Pettersson Alex Tuch 60 0 2 3
2 Robert Thomas Jake Guentzel 40 0 2 3
4 vs 4 Defense
Defense Defense Time % Phy DF OF
1 Alex Pietrangelo Colton Parayko 60 0 3 2
2 Morgan Rielly Jonas Brodin 40 0 3 2
Last Minutes Offensive
Center Left Wing Right Wing Defense Defense
Robert Thomas Elias Pettersson Jake Guentzel Alex Tuch Morgan Rielly
Last Minutes Defensive
Center Left Wing Right Wing Defense Defense
Frederick Gaudreau Jimmy Vesey Ondrej Kase Colton Parayko Alex Pietrangelo
Goaltenders
Starting : Frederik Andersen
Backup : Scott Wedgewood
Extra Forwards
Normal : Tage Thompson, Evander Kane, Frederick Gaudreau - PP : Alex DeBrincat, Jack Eichel - PK : Alex Tuch
Extra Defensemen
Normal : Morgan Rielly, Colton Parayko, Niko Mikkola - PP : Jonas Brodin - PK : Colton Parayko, Alex Pietrangelo
Penalty Shots
Alex DeBrincat, Joe Pavelski, Alex Tuch, Elias Pettersson, Robert Thomas
Tampa Bay Lightning
5 vs 5 Forward
Center Left Wing Right Wing Time % Phy DF OF
1 Anze Kopitar Gabriel Landeskog Kirill Kaprizov 35 1 2 2
2 Tomas Hertl Johnny Gaudreau Connor Brown 32 1 2 2
3 Roope Hintz Christian Dvorak Dylan Cozens 28 1 2 2
4 Lars Eller Alexander Kerfoot Ivan Barbashev 5 1 2 2
5 vs 5 Defense
Defense Defense Time % Phy DF OF
1 Darnell Nurse Vladislav Gavrikov 40 1 2 2
2 Moritz Seider Ryan Graves 35 1 2 2
3 Hampus Lindholm Alexander Romanov 25 1 2 2
4 Darnell Nurse Vladislav Gavrikov 0 1 2 2
PowerPlay Forward
Center Left Wing Right Wing Time % Phy DF OF
1 Tomas Hertl Johnny Gaudreau Kirill Kaprizov 60 1 2 2
2 Anze Kopitar Roope Hintz Gabriel Landeskog 40 1 2 2
PowerPlay Defense
Defense Defense Time % Phy DF OF
1 Moritz Seider Darnell Nurse 60 1 2 2
2 Hampus Lindholm Ryan Graves 40 1 2 2
Penalty Kill 4 Players Forward
Center Wing Time % Phy DF OF
1 Anze Kopitar Tomas Hertl 60 1 2 2
2 Christian Dvorak Connor Brown 40 1 2 2
Penalty Kill 4 Players Defense
Defense Defense Time % Phy DF OF
1 Alexander Romanov Vladislav Gavrikov 60 1 2 2
2 Ryan Graves Darnell Nurse 40 1 2 2
Penalty Kill - 3 Players Forward
Forward Time % Phy DF OF
1 Tomas Hertl 60 1 2 2
2 Anze Kopitar 40 1 2 2
Penalty Kill - 3 Players Defense
Defense Defense Time % Phy DF OF
1 Alexander Romanov Vladislav Gavrikov 60 1 2 2
2 Ryan Graves Darnell Nurse 40 1 2 2
4 vs 4 Forward
Center Wing Time % Phy DF OF
1 Anze Kopitar Gabriel Landeskog 60 1 2 2
2 Tomas Hertl Connor Brown 40 1 2 2
4 vs 4 Defense
Defense Defense Time % Phy DF OF
1 Darnell Nurse Vladislav Gavrikov 60 1 2 2
2 Moritz Seider Ryan Graves 40 1 2 2
Last Minutes Offensive
Center Left Wing Right Wing Defense Defense
Anze Kopitar Gabriel Landeskog Kirill Kaprizov Darnell Nurse Moritz Seider
Last Minutes Defensive
Center Left Wing Right Wing Defense Defense
Anze Kopitar Tomas Hertl Connor Brown Darnell Nurse Vladislav Gavrikov
Goaltenders
Starting : Jeremy Swayman
Backup : Darcy Kuemper
Extra Forwards
Normal : Kirill Kaprizov, Gabriel Landeskog, Dylan Cozens - PP : Dylan Cozens, Ivan Barbashev - PK : Lars Eller
Extra Defensemen
Normal : Moritz Seider, Darnell Nurse, Hampus Lindholm - PP : Vladislav Gavrikov - PK : Moritz Seider, Hampus Lindholm
Penalty Shots
Christian Dvorak, Anze Kopitar, Kirill Kaprizov, Johnny Gaudreau, Alexander Kerfoot
% Time on Ice - St.Louis Blues
Lines # - Real PCT - Wanted PCT - Time Play
Normal Forward
1 - 34% - 40% - 17:53
2 - 31% - 30% - 16:32
3 - 21% - 20% - 11:04
4 - 15% - 10% - 7:52
Normal Defense
1 - 39% - 40% - 20:48
2 - 31% - 30% - 16:43
3 - 23% - 20% - 12:27
4 - 6% - 10% - 3:23
PP Forward
1 - 77% - 60% - 3:03
2 - 23% - 40% - 0:55
PP Defense
1 - 84% - 60% - 3:20
2 - 16% - 40% - 0:38
PK Forward
1 - 67% - 60% - 1:48
2 - 33% - 40% - 0:53
PK Defense
1 - 43% - 60% - 1:10
2 - 57% - 40% - 1:31
PK3 Forward
1 - 0% - 60%
2 - 0% - 40%
PK3 Defense
1 - 0% - 60%
2 - 0% - 40%
44 Forward
1 - 0% - 60%
2 - 0% - 40%
44 Defense
1 - 0% - 60%
2 - 0% - 40%
Last Minute Offensive - 0:00
Last Minute Defensive - 0:00
Total
Forward - 60:00
Defense - 60:00
|
% Time on Ice - Tampa Bay Lightning
Lines # - Real PCT - Wanted PCT - Time Play
Normal Forward
1 - 33% - 35% - 17:34
2 - 29% - 32% - 15:23
3 - 25% - 28% - 13:24
4 - 13% - 5% - 7:00
Normal Defense
1 - 39% - 40% - 20:51
2 - 35% - 35% - 18:35
3 - 26% - 25% - 13:55
4 - 0% - 0% - 0:00
PP Forward
1 - 53% - 60% - 1:25
2 - 47% - 40% - 1:16
PP Defense
1 - 53% - 60% - 1:25
2 - 47% - 40% - 1:16
PK Forward
1 - 73% - 60% - 2:54
2 - 27% - 40% - 1:04
PK Defense
1 - 50% - 60% - 2:00
2 - 50% - 40% - 1:58
PK3 Forward
1 - 0% - 60%
2 - 0% - 40%
PK3 Defense
1 - 0% - 60%
2 - 0% - 40%
44 Forward
1 - 0% - 60%
2 - 0% - 40%
44 Defense
1 - 0% - 60%
2 - 0% - 40%
Last Minute Offensive - 0:00
Last Minute Defensive - 0:00
Total
Forward - 60:00
Defense - 60:00
|
Play-by-Play
1st period
0:01 of 1st period - Elias Pettersson wins face-off versus Anze Kopitar in neutral zone.
0:08 of 1st period - Slapshot by Elias Pettersson.
0:08 of 1st period - Stopped by Jeremy Swayman with a rebound.
0:52 of 1st period - Snap shot by Lars Eller.
0:52 of 1st period - Shot Misses the Net.
0:58 of 1st period - Snap shot by Ivan Barbashev.
0:58 of 1st period - Shot Blocked by Jonas Brodin.
1:14 of 1st period - Snap shot by Roope Hintz.
1:14 of 1st period - Stopped by Frederik Andersen without a rebound.
1:15 of 1st period - Frederick Gaudreau wins face-off versus Roope Hintz in St.Louis Blues zone.
1:33 of 1st period - Dylan Cozens is hit by Niko Mikkola.
2:09 of 1st period - Snap shot by Frederick Gaudreau.
2:09 of 1st period - Stopped by Jeremy Swayman with a rebound.
2:18 of 1st period - Icing by Roope Hintz.
2:19 of 1st period - Roope Hintz wins face-off versus Elias Pettersson in Tampa Bay Lightning zone.
2:29 of 1st period - Off-side.
2:30 of 1st period - Anze Kopitar wins face-off versus Elias Pettersson in neutral zone.
2:40 of 1st period - Off-side.
2:41 of 1st period - Robert Thomas wins face-off versus Tomas Hertl in neutral zone.
2:44 of 1st period - Alexander Romanov is hit by Morgan Rielly and loses puck.
3:31 of 1st period - Alex Tuch is hit by Darnell Nurse and loses puck.
3:42 of 1st period - Wrist shot by Jake Guentzel.
3:42 of 1st period - Shot Blocked by Vladislav Gavrikov.
3:44 of 1st period - Slapshot by Jonas Brodin.
3:44 of 1st period - Stopped by Jeremy Swayman without a rebound.
3:45 of 1st period - Tomas Hertl wins face-off versus Robert Thomas in Tampa Bay Lightning zone.
3:52 of 1st period - Alex DeBrincat is hit by Tomas Hertl.
4:22 of 1st period - Wrist shot by Evander Kane.
4:22 of 1st period - Deflect By Moritz Seider.
4:22 of 1st period - Shot Blocked by Ryan Graves.
4:22 of 1st period - Puck is out of play.
4:23 of 1st period - Anze Kopitar wins face-off versus Tage Thompson in Tampa Bay Lightning zone.
4:38 of 1st period - Snap shot by Kirill Kaprizov.
4:38 of 1st period - Goal by Kirill Kaprizov - St.Louis Blues : 0 - Tampa Bay Lightning : 1.
4:39 of 1st period - Kirill Kaprizov wins face-off versus Elias Pettersson in neutral zone.
4:46 of 1st period - Snap shot by Gabriel Landeskog.
4:46 of 1st period - Stopped by Frederik Andersen with a rebound.
5:06 of 1st period - Hampus Lindholm is hit by Evander Kane and loses puck.
5:33 of 1st period - Snap shot by Roope Hintz.
5:33 of 1st period - Deflect By Alex DeBrincat.
5:33 of 1st period - Stopped by Frederik Andersen without a rebound.
5:34 of 1st period - Anze Kopitar wins face-off versus Elias Pettersson in St.Louis Blues zone.
5:41 of 1st period - Snap shot by Anze Kopitar.
5:41 of 1st period - Shot Misses the Net.
5:51 of 1st period - Elias Pettersson is hit by Gabriel Landeskog.
6:01 of 1st period - Tage Thompson is hit by Vladislav Gavrikov and loses puck.
6:32 of 1st period - Snap shot by Roope Hintz.
6:32 of 1st period - Shot Misses the Net.
6:50 of 1st period - Wrist shot by Alexander Kerfoot.
6:50 of 1st period - Shot Misses the Net.
6:52 of 1st period - Snap shot by Alexander Kerfoot.
6:52 of 1st period - Shot Misses the Net.
7:02 of 1st period - Wrist shot by Frederick Gaudreau.
7:02 of 1st period - Shot Blocked by Moritz Seider.
7:08 of 1st period - Snap shot by Elias Pettersson.
7:08 of 1st period - Shot Misses the Net.
7:10 of 1st period - Snap shot by Jake Guentzel.
7:10 of 1st period - Shot Blocked by Ryan Graves.
7:35 of 1st period - Snap shot by Robert Thomas.
7:35 of 1st period - Stopped by Jeremy Swayman with a rebound.
8:13 of 1st period - Wrist shot by Elias Pettersson.
8:13 of 1st period - Shot Blocked by Vladislav Gavrikov.
9:03 of 1st period - Wrist shot by Tomas Hertl.
9:03 of 1st period - Shot Misses the Net.
9:55 of 1st period - Ivan Barbashev is hit by Ondrej Kase and loses puck.
10:02 of 1st period - Slapshot by Ondrej Kase.
10:02 of 1st period - Shot Blocked by Hampus Lindholm.
10:41 of 1st period - Vladislav Gavrikov is hit by Joe Pavelski and loses puck.
10:50 of 1st period - Darnell Nurse is hit by Jack Eichel and loses puck.
11:41 of 1st period - Wrist shot by Frederick Gaudreau.
11:41 of 1st period - Shot Misses the Net.
12:42 of 1st period - Snap shot by Robert Thomas.
12:42 of 1st period - Shot Blocked by Hampus Lindholm.
12:52 of 1st period - Wrist shot by Lars Eller.
12:52 of 1st period - Shot Misses the Net.
13:10 of 1st period - Alexander Romanov is hit by Alex Tuch and loses puck.
13:19 of 1st period - Morgan Rielly is hit by Moritz Seider and loses puck.
13:30 of 1st period - Evander Kane is hit by Moritz Seider and loses puck.
13:45 of 1st period - Minor Penalty to Evander Kane for Hooking.
13:46 of 1st period - Tomas Hertl wins face-off versus Frederick Gaudreau in St.Louis Blues zone.
14:19 of 1st period - Snap shot by Roope Hintz.
14:19 of 1st period - Stopped by Frederik Andersen with a rebound.
14:25 of 1st period - Wrist shot by Robert Thomas.
14:25 of 1st period - Shot Misses the Net.
14:27 of 1st period - Slapshot by Niko Mikkola.
14:27 of 1st period - Stopped by Jeremy Swayman without a rebound.
14:28 of 1st period - Tomas Hertl wins face-off versus Jimmy Vesey in Tampa Bay Lightning zone.
14:43 of 1st period - Snap shot by Kirill Kaprizov.
14:43 of 1st period - Shot Misses the Net.
15:09 of 1st period - Wrist shot by Anze Kopitar.
15:09 of 1st period - Stopped by Frederik Andersen without a rebound.
15:10 of 1st period - Robert Thomas wins face-off versus Johnny Gaudreau in St.Louis Blues zone.
15:45 of 1st period - Penalty to Evander Kane is over, Evander Kane is back on ice.
16:16 of 1st period - Snap shot by Alex Tuch.
16:16 of 1st period - Shot Misses the Net.
16:18 of 1st period - Slapshot by Jonas Brodin.
16:18 of 1st period - Stopped by Jeremy Swayman with a rebound.
16:20 of 1st period - Slapshot by Morgan Rielly.
16:20 of 1st period - Shot Misses the Net.
16:28 of 1st period - Snap shot by Elias Pettersson.
16:28 of 1st period - Stopped by Jeremy Swayman with a rebound.
16:30 of 1st period - Snap shot by Alex Tuch.
16:30 of 1st period - Stopped by Jeremy Swayman with a rebound.
16:32 of 1st period - Slapshot by Niko Mikkola.
16:32 of 1st period - Deflect By Alex Tuch.
16:32 of 1st period - Stopped by Jeremy Swayman without a rebound.
16:33 of 1st period - Anze Kopitar wins face-off versus Robert Thomas in Tampa Bay Lightning zone.
16:33 of 1st period - Anze Kopitar is hit by Robert Thomas.
16:46 of 1st period - Off-side.
16:47 of 1st period - Robert Thomas wins face-off versus Anze Kopitar in neutral zone.
17:48 of 1st period - Wrist shot by Jake Guentzel.
17:48 of 1st period - Stopped by Jeremy Swayman with a rebound.
18:06 of 1st period - Snap shot by Gabriel Landeskog.
18:06 of 1st period - Shot Blocked by Alex DeBrincat.
18:08 of 1st period - Wrist shot by Kirill Kaprizov.
18:08 of 1st period - Shot Blocked by Robert Thomas.
18:10 of 1st period - Slapshot by Ryan Graves.
18:10 of 1st period - Deflect By Colton Parayko.
18:10 of 1st period - Stopped by Frederik Andersen without a rebound.
18:11 of 1st period - Robert Thomas wins face-off versus Tomas Hertl in St.Louis Blues zone.
18:24 of 1st period - Wrist shot by Johnny Gaudreau.
18:24 of 1st period - Stopped by Frederik Andersen with a rebound.
18:26 of 1st period - Snap shot by Tomas Hertl.
18:26 of 1st period - Shot Blocked by Alex Pietrangelo.
18:50 of 1st period - Snap shot by Roope Hintz.
18:50 of 1st period - Stopped by Frederik Andersen with a rebound.
19:04 of 1st period - Wrist shot by Elias Pettersson.
19:04 of 1st period - Shot Misses the Net.
19:06 of 1st period - Slapshot by Colton Parayko.
19:06 of 1st period - Shot Misses the Net.
19:08 of 1st period - Backhand shot by Jake Guentzel.
19:08 of 1st period - Shot Misses the Net.
19:10 of 1st period - Slapshot by Colton Parayko.
19:10 of 1st period - Stopped by Jeremy Swayman without a rebound.
19:11 of 1st period - Elias Pettersson wins face-off versus Connor Brown in Tampa Bay Lightning zone.
Goals for this period are 0 for St.Louis Blues vs 1 for Tampa Bay Lightning.
Shots for this period are 11 for St.Louis Blues vs 9 for Tampa Bay Lightning.
2nd period
0:01 of 2nd period - Jake Guentzel wins face-off versus Anze Kopitar in neutral zone.
0:08 of 2nd period - Wrist shot by Alex Tuch.
0:08 of 2nd period - Stopped by Jeremy Swayman with a rebound.
0:10 of 2nd period - Slapshot by Colton Parayko.
0:10 of 2nd period - Deflect By Elias Pettersson.
0:10 of 2nd period - Stopped by Jeremy Swayman without a rebound.
0:11 of 2nd period - Elias Pettersson wins face-off versus Anze Kopitar in Tampa Bay Lightning zone.
0:47 of 2nd period - Off-side.
0:48 of 2nd period - Roope Hintz wins face-off versus Jack Eichel in neutral zone.
0:55 of 2nd period - Snap shot by Roope Hintz.
0:55 of 2nd period - Shot Blocked by Evander Kane.
1:24 of 2nd period - Wrist shot by Anze Kopitar.
1:24 of 2nd period - Stopped by Frederik Andersen with a rebound.
1:42 of 2nd period - Slapshot by Ondrej Kase.
1:42 of 2nd period - Deflect By Frederick Gaudreau.
1:42 of 2nd period - Goal by Frederick Gaudreau - St.Louis Blues : 1 - Tampa Bay Lightning : 1.
1:43 of 2nd period - Tomas Hertl wins face-off versus Elias Pettersson in neutral zone.
1:56 of 2nd period - Snap shot by Tomas Hertl.
1:56 of 2nd period - Shot Misses the Net.
1:58 of 2nd period - Snap shot by Connor Brown.
1:58 of 2nd period - Stopped by Frederik Andersen without a rebound.
1:59 of 2nd period - Robert Thomas wins face-off versus Anze Kopitar in St.Louis Blues zone.
2:06 of 2nd period - Anze Kopitar is hit by Alex DeBrincat and loses puck.
2:25 of 2nd period - Colton Parayko is hit by Tomas Hertl and loses puck.
3:28 of 2nd period - Robert Thomas is hit by Gabriel Landeskog and loses puck.
4:14 of 2nd period - Slapshot by Evander Kane.
4:14 of 2nd period - Deflect By Joe Pavelski.
4:14 of 2nd period - Stopped by Jeremy Swayman with a rebound.
4:16 of 2nd period - Slapshot by Jonas Brodin.
4:16 of 2nd period - Deflect By Roope Hintz.
4:16 of 2nd period - Stopped by Jeremy Swayman without a rebound.
4:17 of 2nd period - Roope Hintz wins face-off versus Elias Pettersson in Tampa Bay Lightning zone.
4:50 of 2nd period - Icing by Johnny Gaudreau.
4:51 of 2nd period - Tomas Hertl wins face-off versus Elias Pettersson in Tampa Bay Lightning zone.
5:37 of 2nd period - Snap shot by Gabriel Landeskog.
5:37 of 2nd period - Stopped by Frederik Andersen with a rebound.
5:39 of 2nd period - Slapshot by Anze Kopitar.
5:39 of 2nd period - Deflect By Gabriel Landeskog.
5:39 of 2nd period - Stopped by Frederik Andersen without a rebound.
5:40 of 2nd period - Anze Kopitar wins face-off versus Jack Eichel in St.Louis Blues zone.
5:49 of 2nd period - Snap shot by Evander Kane.
5:49 of 2nd period - Stopped by Jeremy Swayman without a rebound.
5:50 of 2nd period - Elias Pettersson wins face-off versus Anze Kopitar in Tampa Bay Lightning zone.
6:17 of 2nd period - Wrist shot by Johnny Gaudreau.
6:17 of 2nd period - Stopped by Frederik Andersen without a rebound.
6:18 of 2nd period - Tomas Hertl wins face-off versus Robert Thomas in St.Louis Blues zone.
6:46 of 2nd period - Slapshot by Tage Thompson.
6:46 of 2nd period - Shot Misses the Net.
7:06 of 2nd period - Morgan Rielly is hit by Tomas Hertl and loses puck.
7:25 of 2nd period - Snap shot by Johnny Gaudreau.
7:25 of 2nd period - Stopped by Frederik Andersen with a rebound.
7:27 of 2nd period - Slapshot by Darnell Nurse.
7:27 of 2nd period - Stopped by Frederik Andersen without a rebound.
7:28 of 2nd period - Elias Pettersson wins face-off versus Roope Hintz in St.Louis Blues zone.
8:17 of 2nd period - Slapshot by Lars Eller.
8:17 of 2nd period - Stopped by Frederik Andersen with a rebound.
8:29 of 2nd period - Minor Penalty to Alex Pietrangelo for High sticking.
8:30 of 2nd period - Tomas Hertl wins face-off versus Frederick Gaudreau in St.Louis Blues zone.
8:35 of 2nd period - Wrist shot by Johnny Gaudreau.
8:35 of 2nd period - Deflect By Frederick Gaudreau.
8:35 of 2nd period - Stopped by Frederik Andersen with a rebound.
9:11 of 2nd period - Backhand shot by Gabriel Landeskog.
9:11 of 2nd period - Goal by Gabriel Landeskog - St.Louis Blues : 1 - Tampa Bay Lightning : 2.
9:12 of 2nd period - Elias Pettersson wins face-off versus Anze Kopitar in neutral zone.
10:55 of 2nd period - Snap shot by Ondrej Kase.
10:55 of 2nd period - Goal by Ondrej Kase - St.Louis Blues : 2 - Tampa Bay Lightning : 2.
10:56 of 2nd period - Roope Hintz wins face-off versus Elias Pettersson in neutral zone.
11:22 of 2nd period - Tage Thompson is hit by Moritz Seider and loses puck.
11:53 of 2nd period - Snap shot by Jack Eichel.
11:53 of 2nd period - Stopped by Jeremy Swayman with a rebound.
11:57 of 2nd period - Slapshot by Jack Eichel.
11:57 of 2nd period - Shot Blocked by Anze Kopitar.
12:27 of 2nd period - Alex Tuch is hit by Vladislav Gavrikov and loses puck.
12:38 of 2nd period - Snap shot by Alex Tuch.
12:38 of 2nd period - Shot Misses the Net.
12:59 of 2nd period - Snap shot by Johnny Gaudreau.
12:59 of 2nd period - Stopped by Frederik Andersen without a rebound.
13:00 of 2nd period - Anze Kopitar wins face-off versus Elias Pettersson in St.Louis Blues zone.
13:41 of 2nd period - Snap shot by Alex DeBrincat.
13:41 of 2nd period - Shot Misses the Net.
14:08 of 2nd period - Johnny Gaudreau is hit by Evander Kane and loses puck.
14:25 of 2nd period - Snap shot by Jack Eichel.
14:25 of 2nd period - Goal by Jack Eichel - St.Louis Blues : 3 - Tampa Bay Lightning : 2.
14:26 of 2nd period - Elias Pettersson wins face-off versus Anze Kopitar in neutral zone.
14:59 of 2nd period - Snap shot by Alex DeBrincat.
14:59 of 2nd period - Stopped by Jeremy Swayman with a rebound.
15:01 of 2nd period - Slapshot by Morgan Rielly.
15:01 of 2nd period - Stopped by Jeremy Swayman with a rebound.
15:03 of 2nd period - Wrist shot by Alex DeBrincat.
15:03 of 2nd period - Shot Misses the Net.
15:17 of 2nd period - Tomas Hertl is hit by Joe Pavelski and loses puck.
15:44 of 2nd period - Ivan Barbashev is hit by Ondrej Kase.
16:02 of 2nd period - Icing by Alex Tuch.
16:03 of 2nd period - Anze Kopitar wins face-off versus Elias Pettersson in St.Louis Blues zone.
16:30 of 2nd period - Backhand shot by Dylan Cozens.
16:30 of 2nd period - Stopped by Frederik Andersen without a rebound.
16:31 of 2nd period - Roope Hintz wins face-off versus Robert Thomas in St.Louis Blues zone.
16:32 of 2nd period - Snap shot by Dylan Cozens.
16:32 of 2nd period - Stopped by Frederik Andersen with a rebound.
16:34 of 2nd period - Slapshot by Ryan Graves.
16:34 of 2nd period - Stopped by Frederik Andersen with a rebound.
16:36 of 2nd period - Slapshot by Moritz Seider.
16:36 of 2nd period - Shot Misses the Net.
16:38 of 2nd period - Snap shot by Roope Hintz.
16:38 of 2nd period - Stopped by Frederik Andersen without a rebound.
16:39 of 2nd period - Anze Kopitar wins face-off versus Elias Pettersson in St.Louis Blues zone.
17:06 of 2nd period - Alex Pietrangelo is hit by Ryan Graves and loses puck.
17:13 of 2nd period - Snap shot by Colton Parayko.
17:13 of 2nd period - Stopped by Jeremy Swayman without a rebound.
17:14 of 2nd period - Robert Thomas wins face-off versus Roope Hintz in Tampa Bay Lightning zone.
17:17 of 2nd period - Snap shot by Robert Thomas.
17:17 of 2nd period - Stopped by Jeremy Swayman without a rebound.
17:18 of 2nd period - Robert Thomas wins face-off versus Roope Hintz in Tampa Bay Lightning zone.
17:45 of 2nd period - Alex Pietrangelo is hit by Vladislav Gavrikov and loses puck.
18:07 of 2nd period - Off-side.
18:08 of 2nd period - Lars Eller wins face-off versus Robert Thomas in neutral zone.
18:25 of 2nd period - Slapshot by Robert Thomas.
18:25 of 2nd period - Shot Misses the Net.
19:29 of 2nd period - Dylan Cozens is hit by Alex Tuch and loses puck.
Goals for this period are 3 for St.Louis Blues vs 1 for Tampa Bay Lightning.
Shots for this period are 13 for St.Louis Blues vs 15 for Tampa Bay Lightning.
3rd period
0:01 of 3rd period - Tomas Hertl wins face-off versus Elias Pettersson in neutral zone.
0:32 of 3rd period - Jonas Brodin is hit by Christian Dvorak and loses puck.
0:49 of 3rd period - Snap shot by Roope Hintz.
0:49 of 3rd period - Shot Blocked by Joe Pavelski.
1:13 of 3rd period - Slapshot by Alexander Kerfoot.
1:13 of 3rd period - Shot Misses the Net.
1:17 of 3rd period - Snap shot by Alexander Kerfoot.
1:17 of 3rd period - Stopped by Frederik Andersen with a rebound.
1:19 of 3rd period - Snap shot by Alexander Kerfoot.
1:19 of 3rd period - Shot Misses the Net.
1:35 of 3rd period - Wrist shot by Connor Brown.
1:35 of 3rd period - Stopped by Frederik Andersen without a rebound.
1:36 of 3rd period - Tomas Hertl wins face-off versus Elias Pettersson in St.Louis Blues zone.
1:37 of 3rd period - Snap shot by Johnny Gaudreau.
1:37 of 3rd period - Stopped by Frederik Andersen with a rebound.
1:39 of 3rd period - Backhand shot by Darnell Nurse.
1:39 of 3rd period - Stopped by Frederik Andersen without a rebound.
1:40 of 3rd period - Anze Kopitar wins face-off versus Elias Pettersson in St.Louis Blues zone.
1:57 of 3rd period - Snap shot by Gabriel Landeskog.
1:57 of 3rd period - Shot Blocked by Alex Pietrangelo.
2:33 of 3rd period - Slapshot by Alex DeBrincat.
2:33 of 3rd period - Stopped by Jeremy Swayman without a rebound.
2:34 of 3rd period - Tomas Hertl wins face-off versus Robert Thomas in Tampa Bay Lightning zone.
2:45 of 3rd period - Wrist shot by Tage Thompson.
2:45 of 3rd period - Stopped by Jeremy Swayman with a rebound.
2:47 of 3rd period - Slapshot by Morgan Rielly.
2:47 of 3rd period - Shot Blocked by Tomas Hertl.
2:49 of 3rd period - Backhand shot by Alex DeBrincat.
2:49 of 3rd period - Shot Misses the Net.
2:51 of 3rd period - Wrist shot by Tage Thompson.
2:51 of 3rd period - Stopped by Jeremy Swayman with a rebound.
2:53 of 3rd period - Slapshot by Morgan Rielly.
2:53 of 3rd period - Stopped by Jeremy Swayman without a rebound.
2:54 of 3rd period - Jack Eichel wins face-off versus Gabriel Landeskog in Tampa Bay Lightning zone.
3:04 of 3rd period - Wrist shot by Jack Eichel.
3:04 of 3rd period - Shot Misses the Net.
3:06 of 3rd period - Slapshot by Joe Pavelski.
3:06 of 3rd period - Shot Misses the Net.
3:08 of 3rd period - Slapshot by Evander Kane.
3:08 of 3rd period - Shot Blocked by Darnell Nurse.
3:20 of 3rd period - Elias Pettersson is hit by Darnell Nurse and loses puck.
3:25 of 3rd period - Snap shot by Roope Hintz.
3:25 of 3rd period - Stopped by Frederik Andersen with a rebound.
3:27 of 3rd period - Wrist shot by Dylan Cozens.
3:27 of 3rd period - Shot Misses the Net.
3:29 of 3rd period - Slapshot by Ryan Graves.
3:29 of 3rd period - Shot Blocked by Niko Mikkola.
4:11 of 3rd period - Wrist shot by Connor Brown.
4:11 of 3rd period - Stopped by Frederik Andersen without a rebound.
4:12 of 3rd period - Anze Kopitar wins face-off versus Elias Pettersson in St.Louis Blues zone.
5:16 of 3rd period - Icing by Darnell Nurse.
5:17 of 3rd period - Tomas Hertl wins face-off versus Frederick Gaudreau in Tampa Bay Lightning zone.
5:24 of 3rd period - Slapshot by Kirill Kaprizov.
5:24 of 3rd period - Shot Misses the Net.
5:26 of 3rd period - Slapshot by Vladislav Gavrikov.
5:26 of 3rd period - Shot Blocked by Jonas Brodin.
5:28 of 3rd period - Slapshot by Vladislav Gavrikov.
5:28 of 3rd period - Stopped by Frederik Andersen with a rebound.
5:30 of 3rd period - Snap shot by Gabriel Landeskog.
5:30 of 3rd period - Deflect By Morgan Rielly.
5:30 of 3rd period - Shot Misses the Net.
5:30 of 3rd period - Puck is out of play.
5:31 of 3rd period - Anze Kopitar wins face-off versus Elias Pettersson in St.Louis Blues zone.
6:39 of 3rd period - Icing by Connor Brown.
6:40 of 3rd period - Tomas Hertl wins face-off versus Frederick Gaudreau in Tampa Bay Lightning zone.
6:54 of 3rd period - Morgan Rielly is hit by Hampus Lindholm and loses puck.
7:10 of 3rd period - Minor Penalty to Hampus Lindholm for Interference.
7:11 of 3rd period - Elias Pettersson wins face-off versus Tomas Hertl in Tampa Bay Lightning zone.
7:21 of 3rd period - Wrist shot by Alex Tuch.
7:21 of 3rd period - Shot Misses the Net.
7:23 of 3rd period - Slapshot by Jake Guentzel.
7:23 of 3rd period - Stopped by Jeremy Swayman without a rebound.
7:24 of 3rd period - Anze Kopitar wins face-off versus Joe Pavelski in Tampa Bay Lightning zone.
8:20 of 3rd period - Wrist shot by Alex Tuch.
8:20 of 3rd period - Shot Blocked by Connor Brown.
8:22 of 3rd period - Snap shot by Joe Pavelski.
8:22 of 3rd period - Shot Misses the Net.
8:59 of 3rd period - Snap shot by Elias Pettersson.
8:59 of 3rd period - Shot Misses the Net.
9:10 of 3rd period - Penalty to Hampus Lindholm is over, Hampus Lindholm is back on ice.
9:17 of 3rd period - Icing by Morgan Rielly.
9:18 of 3rd period - Lars Eller wins face-off versus Joe Pavelski in St.Louis Blues zone.
9:37 of 3rd period - Wrist shot by Alex Tuch.
9:37 of 3rd period - Goal by Alex Tuch - St.Louis Blues : 4 - Tampa Bay Lightning : 2.
9:38 of 3rd period - Tomas Hertl wins face-off versus Robert Thomas in neutral zone.
9:52 of 3rd period - Snap shot by Robert Thomas.
9:52 of 3rd period - Stopped by Jeremy Swayman with a rebound.
9:54 of 3rd period - Slapshot by Colton Parayko.
9:54 of 3rd period - Shot Blocked by Tomas Hertl.
10:59 of 3rd period - Off-side.
11:00 of 3rd period - Frederick Gaudreau wins face-off versus Tomas Hertl in neutral zone.
11:27 of 3rd period - Anze Kopitar is hit by Morgan Rielly and loses puck.
11:38 of 3rd period - Slapshot by Kirill Kaprizov.
11:38 of 3rd period - Shot Misses the Net.
11:54 of 3rd period - Snap shot by Roope Hintz.
11:54 of 3rd period - Shot Misses the Net.
11:56 of 3rd period - Slapshot by Moritz Seider.
11:56 of 3rd period - Shot Blocked by Jonas Brodin.
11:58 of 3rd period - Slapshot by Ryan Graves.
11:58 of 3rd period - Shot Misses the Net.
12:37 of 3rd period - Wrist shot by Alex DeBrincat.
12:37 of 3rd period - Stopped by Jeremy Swayman with a rebound.
13:37 of 3rd period - Off-side.
13:38 of 3rd period - Tomas Hertl wins face-off versus Elias Pettersson in neutral zone.
14:05 of 3rd period - Alex DeBrincat is hit by Anze Kopitar and loses puck.
14:39 of 3rd period - Wrist shot by Ondrej Kase.
14:39 of 3rd period - Shot Misses the Net.
15:29 of 3rd period - Snap shot by Jonas Brodin.
15:29 of 3rd period - Deflect By Gabriel Landeskog.
15:29 of 3rd period - Stopped by Jeremy Swayman with a rebound.
15:39 of 3rd period - Robert Thomas is hit by Alexander Romanov and loses puck.
15:52 of 3rd period - Snap shot by Elias Pettersson.
15:52 of 3rd period - Stopped by Jeremy Swayman without a rebound.
15:53 of 3rd period - Elias Pettersson wins face-off versus Roope Hintz in Tampa Bay Lightning zone.
16:04 of 3rd period - Wrist shot by Elias Pettersson.
16:04 of 3rd period - Shot Blocked by Dylan Cozens.
16:06 of 3rd period - Slapshot by Niko Mikkola.
16:06 of 3rd period - Stopped by Jeremy Swayman without a rebound.
16:07 of 3rd period - Roope Hintz wins face-off versus Elias Pettersson in Tampa Bay Lightning zone.
16:09 of 3rd period - Minor Penalty to Moritz Seider for Holding.
16:10 of 3rd period - Anze Kopitar wins face-off versus Joe Pavelski in Tampa Bay Lightning zone.
16:26 of 3rd period - Snap shot by Alex Tuch.
16:26 of 3rd period - Shot Misses the Net.
16:42 of 3rd period - Slapshot by Morgan Rielly.
16:42 of 3rd period - Shot Misses the Net.
18:09 of 3rd period - Penalty to Moritz Seider is over, Moritz Seider is back on ice.
18:25 of 3rd period - Wrist shot by Anze Kopitar.
18:25 of 3rd period - Deflect By Moritz Seider.
18:25 of 3rd period - Shot Blocked by Tage Thompson.
18:25 of 3rd period - Puck is out of play.
18:26 of 3rd period - Roope Hintz wins face-off versus Robert Thomas in St.Louis Blues zone.
18:37 of 3rd period - Slapshot by Dylan Cozens.
18:37 of 3rd period - Shot Misses the Net.
18:39 of 3rd period - Wrist shot by Christian Dvorak.
18:39 of 3rd period - Shot Blocked by Robert Thomas.
18:41 of 3rd period - Slapshot by Alexander Romanov.
18:41 of 3rd period - Stopped by Frederik Andersen with a rebound.
18:56 of 3rd period - Kirill Kaprizov is hit by Alex DeBrincat and loses puck.
Goals for this period are 1 for St.Louis Blues vs 0 for Tampa Bay Lightning.
Shots for this period are 11 for St.Louis Blues vs 8 for Tampa Bay Lightning.
Back to the Top